Map: [ESL] Glittering Ashes

Players

uThermal

  • Race: Terran Terran

Astrea - Winner!

  • Race: Protoss Protoss

Event: IEM Katowice 2022

VOD

Have the link to the VOD?

Description

Time

  • Played on: Feb. 23, 2022, 2:28 p.m.
  • Length: 9:35

All games in this series

Show
View Real Time Build Order
Export as new Build Order

uThermal Terran 

Build Orders: Cyclone Opening 

Get SALT Encoding   

  12  0:00  SCV  
  13  0:12  SCV  
  14  0:17  Supply Depot  
  14  0:24  SCV  
  15  0:38  SCV  
  15  0:40  Barracks  
  16  0:43  Refinery  
  16  0:50  SCV  
  16  0:52  Refinery  
  17  1:03  SCV  
  18  1:15  SCV  
  19  1:27  Reaper, Orbital Command  
  19  1:28  Supply Depot  
  20  1:40  Factory  
  20  1:52  SCV  
  21  1:59  Reaper  
  22  2:04  SCV  
  23  2:16  SCV  
  23  2:21  Command Center  
  24  2:29  SCV  
  27  2:33  Reaper  
  27  2:36  Factory Tech Lab  
  26  2:41  SCV  
  27  2:48  Command Center  
  27  2:51  Supply Depot  
  26  2:54  Cyclone  
  26  2:56  SCV  
  30  3:02  Supply Depot  
  30  3:05  Barracks Reactor  
  30  3:08  SCV  
  31  3:20  SCV  
  31  3:25  Starport  
  32  3:33  SCV  
  33  3:37  Factory Tech Lab  
  33  3:43  Marine x2  
  33  3:45  SCV  
  33  3:46  Barracks  
  36  3:57  SCV  
  36  3:58  Siege Tank  
  36  4:00  Marine  
  36  4:01  Marine  
  42  4:09  SCV  
  42  4:10  Refinery  
  42  4:15  Raven  
  43  4:18  Marine  
  43  4:20  Marine  
  43  4:21  SCV  
  46  4:29  Orbital Command  
  46  4:37  SCV  
  47  4:41  Siege Tank  
  47  4:42  Marine  
  47  4:45  Marine  
  51  4:49  SCV  
  53  4:54  Barracks  
  53  4:56  SCV  
  54  5:01  SCV  
  54  5:04  Marine x2  
  57  5:08  SCV  
  57  5:13  SCV  
  57  5:14  Stimpack, Marauder  
  60  5:20  Supply Depot, SCV  
  61  5:21  Marine  
  61  5:27  Starport Reactor  
  62  5:28  Supply Depot  
  62  5:39  Supply Depot  
  62  5:41  Marine x2  
  62  5:42  SCV  
  68  5:44  SCV  
  68  5:47  Supply Depot  
  68  5:48  Engineering Bay  
  68  5:49  Marauder, Combat Shield  
  68  5:50  Factory Tech Lab, Marine  
  68  5:55  SCV  
  68  5:57  SCV  
  71  5:58  Supply Depot  
  71  5:59  Marine  
  71  6:00  Marine  
  73  6:08  Marine  
  73  6:09  Medivac  
  73  6:11  Marauder  
  68  6:14  Medivac  
  68  6:17  Marine  
  68  6:18  Marine  
  69  6:21  Siege Tank  
  72  6:26  SCV  
  72  6:29  Marine  
  72  6:31  Marine  
  75  6:35  Marine  
  75  6:39  Marine, Medivac  
  65  6:47  Marine  
  65  6:49  Marine  
  65  6:53  Marine  
  67  6:56  Marine  
  67  7:02  Supply Depot  
  67  7:03  Supply Depot  
  67  7:05  Marine  
  67  7:08  Marauder  
  70  7:18  Supply Depot  
  70  7:24  Marauder, Marine x2, Siege Tank  
  70  7:26  SCV  
  76  7:30  Marine  
  76  7:31  Supply Depot  
  76  7:34  SCV  
  78  7:41  Marine x2, Concussive Shells  
  78  7:42  SCV  
  81  7:46  Marauder  
  81  7:48  Marine  
  81  7:50  SCV  
  85  7:57  Siege Tank  
  88  8:02  Marine  
  89  8:06  SCV, Marine  
  89  8:07  Supply Depot, Marauder  
  89  8:12  SCV  
  94  8:13  Marauder  
  96  8:20  Marine  
  96  8:24  Marine  
  96  8:25  Supply Depot  
  98  8:28  Marauder  
  98  8:34  Marine  
  98  8:37  SCV  
  101  8:41  SCV  
  101  8:48  Marine  
  102  8:49  Marauder  
  102  8:52  Marauder  
  105  9:04  Marine  
  104  9:11  Marauder  
  104  9:13  Marine  
  104  9:14  Marauder  
  109  9:20  Engineering Bay  
  109  9:22  Engineering Bay  
Show
View Real Time Build Order
Export as new Build Order

Astrea Protoss - Winner!

Build Orders:  

Get SALT Encoding   

  12  0:00  Probe  
  13  0:12  Probe  
  14  0:16  Pylon  
  14  0:24  Probe (Chrono Boost)  
  16  0:36  Gateway, Probe (Chrono Boost)  
  16  0:43  Probe (Chrono Boost)  
  17  0:50  Pylon  
  17  0:51  Probe  
  17  0:56  Assimilator  
  18  1:03  Probe  
  19  1:09  Gateway  
  19  1:15  Probe  
  20  1:23  Cybernetics Core  
  20  1:27  Probe  
  22  1:51  Nexus  
  21  2:00  Stalker (Chrono Boost)  
  24  2:10  Probe  
  24  2:14  Assimilator  
  24  2:15  Stalker (Chrono Boost)  
  25  2:21  Stalker (Chrono Boost)  
  25  2:26  Probe  
  28  2:38  Pylon, Probe  
  29  2:44  Stalker  
  31  2:56  Probe  
  32  3:04  Probe, Warp Gate  
  33  3:08  Probe  
  36  3:16  Probe  
  36  3:20  Probe  
  37  3:29  Probe (Chrono Boost)  
  37  3:31  Stalker  
  37  3:32  Probe (Chrono Boost)  
  39  3:39  Twilight Council  
  39  3:41  Probe (Chrono Boost)  
  41  3:43  Probe (Chrono Boost)  
  41  3:46  Probe (Chrono Boost)  
  41  3:47  Robotics Facility  
  41  3:48  Probe (Chrono Boost)  
  42  3:55  Probe  
  44  3:59  Probe  
  44  4:01  Pylon  
  44  4:02  Pylon  
  45  4:07  Probe  
  44  4:10  Blink (Chrono Boost)  
  44  4:13  Probe  
  45  4:19  Probe  
  46  4:26  Probe  
  46  4:27  Gateway  
  46  4:28  Gateway  
  47  4:32  Gateway, Probe  
  47  4:35  Observer (Chrono Boost)  
  49  4:40  Probe  
  49  4:41  Assimilator  
  49  4:44  Probe  
  51  4:50  Warp Prism  
  53  4:55  Pylon  
  53  4:57  Stalker  
  55  5:03  Probe x2  
  57  5:16  Pylon  
  57  5:20  Stalker  
  59  5:22  Stalker  
  59  5:23  Stalker  
  59  5:26  Nexus  
  63  5:29  Observer  
  63  5:36  Probe x2  
  65  5:48  Stalker x4, Probe  
  74  5:50  Probe  
  74  5:56  Pylon  
  75  6:00  Probe  
  76  6:05  Observer  
  74  6:16  Probe  
  75  6:18  Probe  
  75  6:19  Stalker x4  
  75  6:23  Pylon  
  84  6:28  Probe  
  73  6:41  Probe  
  73  6:42  Probe  
  73  6:44  Probe  
  73  6:46  Stalker  
  73  6:47  Stalker  
  78  6:52  Stalker x2  
  78  6:53  Probe  
  82  6:54  Probe  
  82  6:56  Probe  
  82  6:58  Charge (Chrono Boost)  
  84  7:05  Probe  
  85  7:09  Probe x2  
  85  7:15  Gateway  
  87  7:16  Gateway  
  87  7:20  Probe  
  88  7:25  Probe  
  88  7:30  Probe  
  88  7:34  Gateway, Observer  
  88  7:35  Gateway  
  90  7:37  Templar Archives  
  90  7:41  Zealot x4  
  98  7:47  Probe x2  
  98  7:49  Assimilator  
  98  7:50  Probe  
  101  7:51  Shield Battery  
  101  7:53  Pylon  
  101  7:56  Shield Battery, Psionic Storm  
  102  7:59  Warp Prism  
  103  8:06  Zealot x3  
  108  8:13  Pylon  
  108  8:21  Pylon, High Templar  
  108  8:24  High Templar, Probe, Assimilator  
  108  8:26  Assimilator  
  113  8:28  Zealot x2  
  117  8:40  High Templar  
  117  8:48  Zealot  
  117  8:49  Zealot x4  
  117  8:55  Zealot  
  129  8:56  Pylon  
  125  9:03  Pylon, Zealot  
  125  9:04  Pylon x2  
  123  9:12  Zealot x4  
  123  9:17  Zealot x2  

Tags
 
Add a new tag
Caveats
  • Supply blocks, unpowered buildings, or Contaminate may cause inaccurate times.
  • Supply counts are checked every 10 seconds.